Match 45805747
Unlisted

Match 45805747
End
Construct Infanterie Kompanie
Selects Terror Battlegroup
Selects Machine Gun Camouflage
MG 42 Machine Gun Team
Grenadier Squad
MG 42 Machine Gun Team
Construct Panzergrenadier Kompanie
Panzergrenadier Squad
Support Elements
Nebelwerfer 42 Rocket Launcher Team
StuG III G Assault Gun
StuG III G Assault Gun
Nebelwerfer 42 Rocket Launcher Team
Pioneer Squad
251 Medium Carrier
Side Skirts
StuG III G Assault Gun
StuG III G Assault Gun
Selects Defend the Fatherland
StuG III G Assault Gun
Pioneer Squad
Selects King Tiger Heavy Tank
King Tiger Heavy Tank
Selects Interrogate
Selects Propaganda Leaflet Drop
Selects V1 Rocket Strike
V1 Rocket Strike
King Tiger Heavy Tank
V1 Rocket Strike
Pioneer Squad
Pioneer Squad
Pak 40 Anti-tank Gun Team
251 Medium Carrier
Pak 40 Anti-tank Gun Team
MG 42 Machine Gun Team
MG 42 Machine Gun Team
V1 Rocket Strike
Adumb
Sami
ADORABLE_QIN
Ezmason
Majeranek
TomWPL
Abeli
The Magician
0
0

Comments sign in to comment!

No comments posted yet!